 Dungeon Crawl Stone Soup version 0.32-a0-433-g08bcfe7 (webtiles) character file.

Game seed: 17677497418628680118

593852 jagoly the Slayer (level 26, -18/224 HPs)
             Began as a Mummy Brigand on Feb 21, 2024.
             Was a Believer of Uskayaw.
             Killed from afar by a Brimstone Fiend (44 damage)
             ... with damnation
             ... on level 16 of a ziggurat on Feb 22, 2024.
             The game lasted 06:59:40 (62631 turns).

jagoly the Slayer (Mummy Brigand)                  Turns: 62631, Time: 06:59:41

Health: -18/224    AC: 41    Str: 32    XL:     26   Next: 1%
Magic:  24/35      EV: 16    Int: 19    God:    Uskayaw [**....]
Gold:   2660       SH: 15    Dex: 23    Spells: 16/25 levels left

rFire   + + .        a - +10 broad axe of Cozxycsi {flame, rElec Str+5}
rCold   + . .        d - +0 kite shield
rNeg    + + +        H - +8 gold dragon scales
rPois   ∞            o - +0 helmet {Int+3}
rElec   +            c - +2 cloak {Stlth+}
rCorr   +            v - +0 pair of gloves of Trial and Error {Rampage rPois rF+}
SInv    .            T - +2 pair of boots
Will    +++..        e - amulet of Zips {Acrobat +Inv rC- Regen+ Dex+3} Stlth
                     Z - ring "Esotzyfi" {Wiz rF+ Str+4}
HPRegen 1.37/turn    q - ring of Koatwuam {rCorr Str+4 Int+3 Dex+2}
MPRegen 0.24/turn

%: acrobat, rampage, faith, wizardry (x1)
@: on fire, glowing, studying 5 skills
A: cold resistance 1, negative energy resistance 3, torment resistance 2, heat
vulnerability 1, in touch with death 2, no potions, faith
}: 3/15 runes: decaying, slimy, gossamer
a: Renounce Religion, Evoke Invisibility, Stomp, Line Pass


You were on level 16 of a ziggurat.
You worshipped Uskayaw.
Uskayaw was most pleased with you.
You visited 11 branches of the dungeon, and saw 51 of its levels.
You visited 2 bazaars.
You visited 1 ziggurat, and saw 16 of its levels.
You also visited: Bailey and Ice Cave.

You collected 8287 gold pieces.
You spent 5627 gold pieces at shops.

Inventory:

Hand Weapons
 a - the +10 broad axe of Cozxycsi (weapon) {flame, rElec Str+5}
   (You found it on level 13 of the Dungeon)

   Str+5:     It affects your strength (+5).
   rElec:     It insulates you from electricity.
 b - a +9 vampiric quick blade
Missiles
 s - 51 boomerangs (quivered)
 t - 2 throwing nets
 y - 13 silver javelins
 D - 10 javelins
 N - 16 curare-tipped darts
Armour
 c - a +2 cloak of stealth (worn)
 d - a +0 kite shield (worn)
 o - a +0 helmet of intelligence (worn)
 v - the +0 pair of gloves of Trial and Error (worn) {Rampage rPois rF+}
   (You found it on level 3 of the Lair of Beasts)

   rF+:       It protects you from fire.
   rPois:     It protects you from poison Rampage: It bestows one free step when
   moving towards enemies.
 C - a +2 pair of gloves of dexterity
 H - +8 gold dragon scales (worn)
 T - a +2 pair of boots (worn)
Jewellery
 e - the amulet of Zips (around neck) {Acrobat +Inv rC- Regen+ Dex+3}
   (You bought it in a shop in a bazaar)

   [amulet of the acrobat]

   Acrobat:   It increases your evasion while moving and waiting.
   Dex+3:     It affects your dexterity (+3).
   rC-:       It makes you vulnerable to cold.
   +Inv:      It lets you turn invisible.
   Regen+:    It increases your rate of health regeneration.
 f - the ring "Kiesulou" {Fly rElec rPois rF+ AC+4}
   (You found it on level 2 of the Depths)

   [ring of protection]

   AC+4:      It affects your AC (+4).
   rF+:       It protects you from fire.
   rElec:     It insulates you from electricity.
   rPois:     It protects you from poison Fly: It grants you flight.
 p - the ring of Luamiufi {Wiz Str+3 Slay+3}
   (You found it on level 3 of the Dungeon)

   [ring of wizardry]

   Wiz:       It improves your spell success rate.
   Str+3:     It affects your strength (+3).
   Slay+3:    It affects your accuracy & damage with ranged weapons and melee
   (+3).
 q - the ring of Koatwuam (right hand) {rCorr Str+4 Int+3 Dex+2}
   (You acquired it on level 9 of a ziggurat)

   [ring of resist corrosion]

   Str+4:     It affects your strength (+4).
   Int+3:     It affects your intelligence (+3).
   Dex+2:     It affects your dexterity (+2).
   rCorr:     It protects you from acid and corrosion.
 u - a ring of willpower
 w - the ring "Abioteil" {rElec rC+ Str+6 Int+2}
   (You acquired it on level 9 of a ziggurat)

   [ring of strength]

   Str+6:     It affects your strength (+6).
   Int+2:     It affects your intelligence (+2).
   rC+:       It protects you from cold.
   rElec:     It insulates you from electricity.
 I - a +4 ring of protection
 J - the ring of Shadows {Umbra +Inv Stlth+}
   (You found it on level 12 of a ziggurat)

   [ring of stealth]

   Umbra:     It surrounds you with an aura of shadow, increasing your stealth
   and reducing the accuracy of all others within it.
   +Inv:      It lets you turn invisible.
   Stlth+:    It makes you more stealthy.
 X - the ring of Vakumyqi {rElec rC+++ rN+ Dex-3 Slay+5}
   (You found it on level 3 of the Crypt)

   [ring of positive energy]

   Dex-3:     It affects your dexterity (-3).
   Slay+5:    It affects your accuracy & damage with ranged weapons and melee
   (+5).
   rC+++:     It renders you almost immune to cold.
   rElec:     It insulates you from electricity.
   rN+:       It protects you from negative energy.
 Y - the ring of Baoghaum {Wiz rElec rPois MP+9}
   (You found it on level 15 of a ziggurat)

   [ring of wizardry]

   Wiz:       It improves your spell success rate.
   rElec:     It insulates you from electricity.
   rPois:     It protects you from poison MP+9: It affects your magic capacity
   (+9).
 Z - the ring "Esotzyfi" (left hand) {Wiz rF+ Str+4}
   (You found it in an ice cave)

   [ring of wizardry]

   Wiz:       It improves your spell success rate.
   Str+4:     It affects your strength (+4).
   rF+:       It protects you from fire.
Wands
 h - a wand of charming (89)
 x - a wand of digging (44)
 L - a wand of flame (188)
 M - a wand of iceblast (67)
 P - a wand of light (38)
 R - a wand of mindburst (41)
 S - a wand of polymorph (51)
Scrolls
 g - 2 scrolls of summoning
 i - 13 scrolls of enchant weapon
 j - 10 scrolls of vulnerability
 k - 25 scrolls of teleportation
 m - 8 scrolls of blinking
 n - 6 scrolls of brand weapon
 r - 8 scrolls of silence
 z - 13 scrolls of immolation
 A - 10 scrolls of fear
 B - 8 scrolls of poison
 E - 9 scrolls of noise
 F - 10 scrolls of amnesia
 G - 14 scrolls of revelation
 K - 7 scrolls of fog
 W - 2 scrolls of torment
Miscellaneous
 l - a lightning rod (4/4)
 O - a phial of floods
 Q - a tin of tremorstones (1/2)
 V - a phantom mirror


   Skills:
 - Level 22.0 Fighting
 - Level 10.0 Short Blades
 - Level 18.0 Axes
 - Level 10.0 Throwing
 - Level 18.0 Armour
 - Level 14.0 Dodging
 - Level 8.0 Stealth
 - Level 16.0 Shields
 - Level 12.0 Translocations
 + Level 16.2 Invocations
 - Level 2.0 Evocations


You had 16 spell levels left.
You knew the following spells:

 Your Spells              Type           Power      Damage    Failure   Level
a - Lesser Beckoning      Tloc           90%        N/A       1%          2
b - Iskenderun's Mystic   Conj/Tloc      22%        2d6       65%         4
q - Apportation           Tloc           90%        N/A       1%          1
B - Blink                 Tloc           90%        N/A       1%          2

Your spell library contained the following spells:

 Spells                   Type           Power      Damage    Failure   Level
 Passage of Golubria      Tloc           45%        N/A       9%          4
 Momentum Strike          Conj/Tloc      44%        3d9       16%         2
 Volatile Blastmotes      Fire/Tloc      44%        2d13      28%         3
 Dimensional Bullseye     Hex/Tloc       11%        N/A       65%         4
 Vhi's Electric Charge    Tloc/Air       44%        N/A       65%         4
 Kiss of Death            Conj/Necr      0%         2d5       71%         1
 Necrotise                Necr           0%         1d4       71%         1
 Sandblast                Erth           0%         2d4       71%         1
 Slow                     Hex            0%         N/A       71%         1
 Sting                    Conj/Alch      0%         1d3       71%         1
 Summon Small Mammal      Summ           0%         N/A       71%         1
 Cigotuvi's Dreadful Rot  Necr/Alch/Air  0%         N/A       83%         2
 Ensorcelled Hibernation  Hex/Ice        0%         N/A       83%         2
 Jinxbite                 Hex            0%         N/A       83%         2
 Mercury Vapours          Alch/Air       0%         N/A       83%         2
 Scorch                   Fire           0%         2d5       83%         2
 Call Canine Familiar     Summ           0%         N/A       96%         3
 Confusing Touch          Hex            0%         N/A       96%         3
 Dazzling Flash           Conj/Hex       0%         N/A       96%         3
 Fugue of the Fallen      Necr           0%         N/A       96%         3
 Hailstorm                Conj/Ice       0%         3d5       96%         3
 Inner Flame              Hex/Fire       0%         N/A       96%         3
 Mephitic Cloud           Conj/Alch/Air  0%         N/A       96%         3
 Passwall                 Erth           0%         N/A       96%         3
 Sigil of Binding         Hex            0%         N/A       96%         3
 Stone Arrow              Conj/Erth      0%         3d7       96%         3
 Summon Ice Beast         Ice/Summ       0%         N/A       96%         3
 Tukima's Dance           Hex            0%         N/A       96%         3
 Vampiric Draining        Necr           0%         2d6       96%         3
 Anguish                  Hex/Necr       0%         N/A       100%        4
 Animate Armour           Summ/Erth      0%         N/A       100%        4
 Animate Dead             Necr           0%         N/A       100%        4
 Brom's Barrelling Bould  Conj/Erth      0%         2d3       100%        4
 Cause Fear               Hex            0%         N/A       100%        4
 Dispel Undead            Necr           0%         3d6       100%        4
 Flame Wave               Conj/Fire      0%         2d4       100%        4
 Fulminant Prism          Conj/Alch      0%         3d5       100%        4
 Ignite Poison            Fire/Alch      0%         N/A       100%        4
 Leda's Liquefaction      Alch/Erth      0%         N/A       100%        4
 Martyr's Knell           Necr/Summ      0%         N/A       100%        4
 Olgreb's Toxic Radiance  Alch           0%         N/A       100%        4
 Petrify                  Alch/Erth      0%         N/A       100%        4
 Summon Blazeheart Golem  Fire/Summ      0%         N/A       100%        4
 Summon Lightning Spire   Summ/Air       0%         N/A       100%        4
 Alistair's Intoxication  Alch           0%         N/A       100%        5
 Arcjolt                  Conj/Air       0%         1d10      100%        5
 Borgnjor's Vile Clutch   Necr/Erth      0%         N/A       100%        5
 Curse of Agony           Necr           0%         N/A       100%        5
 Fireball                 Conj/Fire      0%         3d3       100%        5
 Irradiate                Conj/Alch      0%         3d11      100%        5
 Lee's Rapid Deconstruct  Erth           0%         3d4*      100%        5
 Silence                  Hex/Air        0%         N/A       100%        5
 Yara's Violent Unravell  Hex/Alch       0%         3d3       100%        5
 Bombard                  Conj/Erth      0%         9d1       100%        6
 Conjure Ball Lightning   Conj/Air       0%         3x3d6     100%        6
 Death Channel            Necr           0%         N/A       100%        6
 Plasma Beam              Fire/Air       0%         2x1d10    100%        6
 Sculpt Simulacrum        Ice/Alch       0%         N/A       100%        6
 Starburst                Conj/Fire      0%         6d3       100%        6
 Summon Cactus Giant      Summ           0%         N/A       100%        6
 Enfeeble                 Hex            0%         N/A       100%        7
 Haunt                    Necr/Summ      0%         N/A       100%        7
 Malign Gateway           Summ/Tloc      11%        N/A       100%        7
 Ozocubu's Refrigeration  Ice            0%         4d7       100%        7
 Summon Hydra             Summ           0%         N/A       100%        7
 Discord                  Hex            0%         N/A       100%        8
 Disjunction              Tloc           22%        N/A       100%        8
 Ignition                 Fire           0%         3d3       100%        8
 Infestation              Necr           0%         N/A       100%        8
 Lehudib's Crystal Spear  Conj/Erth      0%         10d2      100%        8
 Maxwell's Capacitive Co  Air            0%         ∞         100%        8
 Summon Horrible Things   Summ           0%         N/A       100%        8
 Polar Vortex             Ice            0%         N/A       100%        9
 Sublimation of Blood     Necr           Unusable   N/A       N/A         2
 Borgnjor's Revivificati  Necr           Unusable   N/A       N/A         8
 Death's Door             Necr           Unusable   N/A       N/A         9

Dungeon Overview and Level Annotations

Branches:
Dungeon (15/15) Zot: 24212  Temple (1/1) D:6 Zot: 5941    Lair (5/5) D:8 Zot: 22664
  Swamp (4/4) Lair:3 Zot: 20918  Spider (4/4) Lair:3 Zot: 17566   Slime (5/5) Lair:4 Zot: 25956
    Orc (2/2) D:12 Zot: 10262     Elf (3/3) Orc:2 Zot: 13111  Vaults (5/5) D:13 Zot: 23833
  Crypt (3/3) Vaults:2 Zot: 15149    Tomb (0/3) Crypt:3      Depths (4/4) D:15 Zot: 18758
    Zot (0/5) Depths:4     Bailey (visited)           IceCv (visited)

Altars:
Ashenzari
Cheibriados
Dithmenos
Fedhas
Gozag
Hepliaklqana
Kikubaaqudgha
Makhleb
Nemelex Xobeh
Okawaru
Qazlal
Ru
Sif Muna
Trog
Uskayaw
Vehumet
Wu Jian
Xom
Yredelemnul
Ignis
Jiyva

Shops:
D:4 =:(*   Orc:2 =[=   Elf:3 :   Vaults:3 [   Depths:1 [   Depths:2 **
Depths:3 *

Portals:
Hell: Depths:1 Depths:2 Depths:3 Depths:4
Abyss: Depths:3
Pandemonium: Depths:1 Depths:2

Annotations:
Vaults:1 2 transporters, dilly's ghost, adept HuAl


Innate Abilities, Weirdness & Mutations

You are immune to poison.
Your flesh is cold resistant. (rC+)
You are immune to negative energy. (rN+++)
You are immune to unholy pain and torment.
You are vulnerable to heat. (rF-)
You are strongly in touch with the powers of death.
You do not drink.
You have a special connection with the divine. (Faith)


Message History

a +0 dagger; an elf corpse The deep elf archer shoots an arrow.
You block the arrow.
Items here: )))) [ ††.
You barely miss the ghostly deep elf zephyrmancer.
The ghostly deep elf zephyrmancer is almost destroyed.
The deep elf archer is no longer sharing its pain.
The deep elf archer shoots an arrow.
The arrow hits you!
The ghostly deep elf zephyrmancer points at you and mumbles some strange words.
The bolt of lightning misses you.
You barely miss the ghostly deep elf zephyrmancer.
The ghostly deep elf zephyrmancer is almost destroyed.
You hit the ghostly deep elf zephyrmancer.
You burn the ghostly deep elf zephyrmancer.
The ghostly deep elf zephyrmancer is almost destroyed.
The deep elf archer shoots an arrow.
The arrow hits you!
You block the ghostly deep elf zephyrmancer's attack.
You slice the ghostly deep elf zephyrmancer!!
You burn the ghostly deep elf zephyrmancer.
You destroy the ghostly deep elf zephyrmancer!
The deep elf archer shoots an arrow.
You block the arrow.
The deep elf archer shoots an arrow.
You block the arrow.
Things that are here:
a +0 dagger; an elf corpse The deep elf archer unwields a +0 shortbow.
The deep elf archer wields a +0 dagger.
You block the deep elf archer's attack.
You see here a +0 dagger.
You hit the deep elf archer but do no damage.
The deep elf archer is heavily wounded.
You cut the deep elf archer into ribbons!!!
You burn the deep elf archer!
You kill the deep elf archer!
Things that are here:
a +0 dagger; a +0 shortbow; a +0 leather armour HP restored.
You see here a +4 long sword of protection.
Things that are here:
a +5 mace of draining; a +1 short sword of venom You see here a +2 mace of protection.
You see here a +0 rapier.
Things that are here:
a +0 dagger; an elf corpse
Things that are here:
a +0 dagger of holy wrath; a +0 ring mail
Things that are here:
a +0 dagger; a +0 dagger; a +2 robe of fire resistance You see here a +2 battleaxe of venom.
Items here: )))) [[.
Things that are here:
a +0 dagger of holy wrath; a +0 ring mail
Things that are here:
a +2 scimitar of electrocution; a +0 long sword of holy wrath; an elf corpse
Things that are here:
a +0 dagger of holy wrath; a +0 ring mail
Items here: )))) [[.
Found a wand of flame (7).
Things that are here:
a +0 shortbow; a +1 short sword of venom; a +0 leather armour You now have 2597 gold pieces (gained 22).
m - 9 scrolls of blinking (gained 1)
G - 13 scrolls of revelation (gained 1)
You now have 2660 gold pieces (gained 63).
You see here a staff of cold.
There is a gate leading back out of this place here.
You see here the +0 chain mail "Ufoefoes" {rN+ Int+3 Stlth+}.
There is a stone staircase leading down here.
You see here a +3 ring mail of poison resistance.
L - a wand of flame (184) (gained 7 charges)
There is a gate leading back out of this place here.
You see here a +1 chain mail of positive energy.
L - a wand of flame (188) (gained 4 charges)
You see here a +2 quarterstaff of draining.
U - a scroll of enchant armour
G - 14 scrolls of revelation (gained 1)
You see here a +4 heavy war axe.
Y - the ring of Baoghaum {Wiz rElec rPois MP+9} Done exploring.
Done exploring.
Search for what [Enter for "shield", or ? for help]? shield
Okay, then.
Search for what [Enter for "shield", or ? for help]? helm
As you read the scroll of enchant armour, it crumbles to dust.
Your +7 gold dragon scales glow green for a moment.
There is a stone staircase leading down here.
You see here a +3 ring mail of poison resistance.
There is an empty arch of ancient stone here.
A balrug comes into view. It is wielding a +0 demon whip.
A tormentor comes into view.
A hell hog comes into view.
The hell hog squeals angrily.
The tormentor roars!
The balrug shouts!
You hear an angry squeal.
You hear a roar! x2; You hear a trumpeting!
You hear a roar!
A balrug comes into view. It is wielding a +0 demon whip.
The balrug gestures at you. Something smites you!
A Brimstone Fiend comes into view. x2
Okay, then.
You rampage towards the balrug!
A fire giant and a hell hog come into view.
The fire giant is wielding a +1 great sword of flaming.
A hellion, 2 balrugs and a tormentor come into view.
A balrug is wielding a +1 demon whip of freezing.
The hellion gives a hideous shriek!
The balrug shouts!
The fire giant shouts!
The hell hog squeals angrily.
The balrug shouts!
The Brimstone Fiend roars! x2
The tormentor roars!
The balrug gestures at you.
The bolt of fire hits the hell hog.
The hell hog completely resists.
The bolt of fire misses you. The balrug gestures at you.
The pyre arrow hits you.
You are covered in intense liquid fire!
A hellephant comes into view.
A Brimstone Fiend comes into view.
A hellephant comes into view.
The fire giant gestures at you while chanting.
The fireball explodes!
The fireball engulfs you! You resist. The Brimstone Fiend gestures at you.
The sphere of damnation explodes!
The damnation engulfs you!
You hear a roar!
You hear a shout!
You hear a roar!
You hear a shout! x2
The hellephant trumpets!
You hear a shout! x2
Unknown command.
Unknown command.
Unknown command.
Unknown command.
Unknown command.
You rampage towards the hell hog!
A searing wretch, a fire giant, a stoker and 3 Brimstone Fiends come into view.
The fire giant is wielding a +8 great sword of flaming.
You shake off some of the fire as you move.
A searing wretch, a balrug, a stoker, a fire giant and a hellion come into view.
The fire giant is wielding a +0 great sword of flaming.
Found six items.
You shake off the liquid fire.
The Brimstone Fiend roars!
The stoker shouts!
The Brimstone Fiend roars!
The fire giant shouts! x2; The Brimstone Fiend roars!
The hell hog bites you but does no damage.
The hell hog completely misses you.
Unknown command.
Unknown command.
Unknown command.
Unknown command.
Unknown command.
Unknown command.
Unknown command.
Unknown command.
You barely miss the hell hog. You slice the hell hog!! You slash the tormentor!
You burn the tormentor.
A balrug comes into view.
It is wielding a +1 demon whip of electrocution.
The balrug gestures at you.
The fireball explodes!
The fireball engulfs the hell hog.
The hell hog completely resists.
The fireball engulfs the balrug.
The balrug completely resists.
The fireball engulfs the Brimstone Fiend.
The Brimstone Fiend completely resists.
The fireball engulfs you. You resist.
The fireball engulfs the hell hog.
The hell hog completely resists.
The fireball engulfs the tormentor!
The tormentor resists.
You block the tormentor's attack.
The tormentor hits you but does no damage.
The hell hog breathes fire at you.
The fireball explodes!
The fireball engulfs you! You resist.
The fireball engulfs the tormentor.
The tormentor resists.
The fireball engulfs the hell hog.
The hell hog completely resists.
The fireball engulfs the hell hog.
The hell hog completely resists.
The fireball engulfs the tormentor!
The tormentor resists.
The tormentor dies!
The hell hog bites you but does no damage.
Unknown command.
Unknown command.
Unknown command.
You slice the hell hog!!
The hell hog is moderately wounded.
You closely miss the tormentor. You slice the hell hog!!
The hellephant breathes flames at you.
The blast of flame misses the tormentor.
The blast of flame misses you. The balrug gestures at you.
The bolt of fire hits the Brimstone Fiend.
The Brimstone Fiend completely resists.
The bolt of fire hits the hell hog.
The hell hog completely resists.
The bolt of fire hits you but does no damage.
The balrug gestures at you.
The fireball explodes!
The fireball engulfs you! You resist.
The fireball engulfs the tormentor!
The tormentor resists.
The fireball engulfs the hell hog.
The hell hog completely resists.
The fireball engulfs the hell hog.
The hell hog completely resists.
The hellephant breathes flames at you.
The blast of flame hits the balrug.
The balrug completely resists.
The blast of flame hits the hell hog.
The hell hog completely resists.
The blast of flame misses you. The balrug gestures at you.
Something smites you! The balrug gestures at you.
The bolt of fire hits the hell hog.
The hell hog completely resists.
The bolt of fire misses you.
The tormentor hits you but does no damage. x2
The hell hog bites you but does no damage.
The hell hog bites you!
You can now pass through a line of other dancers.
Unknown command.
Unknown command.
Unknown command.
Unknown command.
Unknown command.
Unknown command.
Unknown command.
Aiming: Line Pass
Press: ? - help, Dir - move target The hell hog appears confused.
The Brimstone Fiend appears confused.
The balrug appears confused.
The Brimstone Fiend appears confused.
The fire giant appears confused.
The searing wretch appears confused.
Found fifteen items.
Found two gates leading back out of this place.
Found a stone staircase leading down.
You can no longer pass through a line of other dancers.
The balrug hits the hell hog with a +4 demon whip!!
The hell hog is killed!
The balrug gestures at you. The pyre arrow hits you.
You are covered in intense liquid fire!
The hellion hits you but does no damage.
The hellephant breathes flames at you.
The blast of flame hits the fire giant!
The fire giant resists.
The blast of flame hits the searing wretch.
The searing wretch completely resists.
The blast of flame misses you.
The fire giant hits the fire giant with a +8 great sword of flaming!!
The fire giant burns the fire giant.
The Brimstone Fiend hits the balrug.
The Brimstone Fiend completely misses the balrug.
The Brimstone Fiend hits the balrug!
The Brimstone Fiend hits itself!!
The Brimstone Fiend hits itself.
The Brimstone Fiend completely misses itself.
The balrug gestures at you.
The bolt of fire hits the searing wretch.
The searing wretch completely resists.
The bolt of fire hits the fire giant.
The fire giant resists.
The bolt of fire hits the searing wretch.
The searing wretch completely resists.
The bolt of fire hits you. You resist.
The searing wretch claws you but does no damage.
The searing wretch misses you.
The searing wretch claws itself!!
The searing wretch bites itself but does no damage.
Training target 10.0 for Throwing reached!
Your Throwing skill increases to level 10!
You need to enable at least one skill for training.
Unknown command.
Unknown command.
Unknown command.
Unknown command.
Press: ? - help, v - describe, . - travel, g - get item
Here: a stoker Item here: a blue potion.
The floor.
Press: ? - help, v - describe, . - travel
Here: a searing wretch (lightly damaged, confused)
The floor.
Unknown command.
Press: ? - help, v - describe, . - travel
Here: a hellion The floor.
Unknown command.
Unknown command.
Unknown command.
Press: ? - help, v - describe, . - travel
Here: a Brimstone Fiend The floor.
Unknown command.
Press: ? - help, v - describe, . - travel, g - get item
Here: a balrug, wielding a +1 demon whip of electrocution Item here: a ring of ice.
The floor.
Unknown command.
Unknown command.
You strike the helpless searing wretch from behind!
You slice the searing wretch!!
The searing wretch is moderately damaged.
You hit the Brimstone Fiend. You slice the hellion!! You burn the hellion.
You hit the stoker but do no damage. You cut the balrug into ribbons!!!
The liquid fire burns you!
The hell hog bites the tormentor.
The balrug hits you but does no damage.
The balrug hits the Brimstone Fiend with a +4 demon whip!!
The Brimstone Fiend is engulfed in flames.
The Brimstone Fiend completely resists.
The hellion completely misses you.
The fire giant hits the searing wretch with a +8 great sword of flaming!!
The stoker barely misses you.
The Brimstone Fiend hits the fire giant.
The Brimstone Fiend hits the fire giant!
The Brimstone Fiend hits the fire giant but does no damage.
You can now pass through a line of other dancers.
Unknown command.
Unknown command.
Unknown command.
You slash the searing wretch!
The searing wretch is severely damaged.
You slash the stoker! You hit the balrug but do no damage.
You hit the hellephant. You burn the hellephant. You slice the hellion!!
You burn the hellion.
You kill the hellion!
The liquid fire burns you!
The hell hog bites itself.
The balrug hits the Brimstone Fiend with a +4 demon whip!!
The Brimstone Fiend is engulfed in flames.
The Brimstone Fiend completely resists.
The balrug hits you but does no damage.
The fire giant looks very confused.
The fire giant barely misses the Brimstone Fiend.
The fire giant casts a spell at you.
The fireball explodes!
The fireball engulfs the Brimstone Fiend.
The Brimstone Fiend completely resists.
The fireball engulfs you but does no damage.
The fireball engulfs the stoker.
The stoker completely resists.
The fireball engulfs the balrug.
The balrug completely resists.
The fireball engulfs the searing wretch.
The searing wretch completely resists.
The fireball engulfs the fire giant!
The fire giant resists.
The fireball engulfs the fire giant.
The fire giant resists.
The hellephant blinks!
The stoker misses you.
The searing wretch claws the Brimstone Fiend!
The Brimstone Fiend is engulfed in flames.
The Brimstone Fiend completely resists.
The searing wretch bites the Brimstone Fiend!
Uskayaw will force your foes to helplessly watch your dance.
Uskayaw prepares the audience for your solo!
Unknown command.
Unknown command.
Unknown command.
Unknown command.
The helpless searing wretch fails to defend itself.
You slice the searing wretch!!
The searing wretch is severely damaged.
The helpless Brimstone Fiend fails to defend itself.
You slash the Brimstone Fiend!
The helpless stoker fails to defend itself.
You chop the stoker into pieces!!!
The helpless stoker fails to defend itself.
You slice the stoker!!
The helpless balrug fails to defend itself.
You slash the balrug!
The helpless hellephant fails to defend itself.
You slash the hellephant! You burn the hellephant. The liquid fire burns you!
The searing wretch seems less confused.
The Brimstone Fiend seems less confused. x2
Uskayaw will force your foes to share their pain.
Uskayaw links your audience in an emotional bond!
Unknown command.
The helpless searing wretch fails to defend itself.
You slash the searing wretch!
The searing wretch is almost destroyed.
The helpless stoker fails to defend itself.
You slash the stoker!
The helpless stoker fails to defend itself.
You slice the stoker like a ripe choko!!!
You destroy the searing wretch!
You destroy the stoker!
The helpless balrug fails to defend itself.
You slice the balrug!!
You kill the balrug!
The helpless hellephant fails to defend itself.
You slice the hellephant!! You burn the hellephant.
The helpless Brimstone Fiend fails to defend itself.
You hit the Brimstone Fiend but do no damage.
The liquid fire burns you!
The searing wretch is no longer paralysed.
The Brimstone Fiend is no longer paralysed.
The balrug is no longer paralysed.
The hell hog seems less confused.
The fire giant seems less confused.
The fire giant is no longer paralysed.
The balrug seems less confused.
The balrug is no longer paralysed.
The balrug gestures at you.
The bolt of fire hits the fire giant.
The fire giant resists.
The bolt of fire hits you but does no damage.
Unknown command.
Unknown command.
The helpless Brimstone Fiend fails to defend itself.
You slice the Brimstone Fiend!!
The Brimstone Fiend is almost dead.
You barely miss the searing wretch.
The helpless hellephant fails to defend itself.
You hit the hellephant.
You kill the Brimstone Fiend!
You burn the hellephant. You slash the fire giant!
The helpless stoker fails to defend itself.
You slice the stoker!! The liquid fire burns you!
The hellephant is no longer paralysed.
The hell hog is no longer paralysed.
The fire giant is no longer paralysed.
The hellephant is no longer paralysed.
The balrug is no longer paralysed.
The stoker is no longer paralysed.
The Brimstone Fiend is no longer paralysed. x3
The tormentor is no longer paralysed.
The stoker mumbles some strange words.
The hellephant tramples you!
You hold your ground!
The hellephant bites you but does no damage.
The hellephant gores you but does no damage.
The searing wretch claws you.
* * * LOW HITPOINT WARNING * * *
You are engulfed in flames!
You resist.
* * * LOW HITPOINT WARNING * * *
The searing wretch bites you but does no damage.
The fire giant hits you but does no damage.
You can now merge with and destroy a victim.
Unknown command.
Unknown command.
Unknown command.
Aiming: Line Pass
Press: ? - help, Dir - move target, f - you
Okay, then.
Press: ? - help, v - describe, . - travel
Here: a creeping inferno (summoned)
The floor.
Unknown command.
Unknown command.
Okay, then.
Press: ? - help, v - describe, . - travel
Here: a creeping inferno (summoned)
The floor.
Unknown command.
Unknown command.
Press: ? - help, v - describe, . - travel, g - get item
Here: a searing wretch (lightly damaged, sharing its pain) Item here: a blue potion.
The floor.
Unknown command.
Unknown command.
Unknown command.
Unknown command.
Unknown command.
Unknown command.
Unknown command.
Unknown command.
Aiming: Grand Finale
Press: ? - help, Shift-Dir - straight line, f - Brimstone Fiend
Aim: a Brimstone Fiend (paralysed, sharing its pain)
The Brimstone Fiend explodes violently!!!!
The Brimstone Fiend is hit by a flying piece of the Brimstone Fiend!
You kill the balrug!
You blow up the Brimstone Fiend!
You can no longer merge with and destroy a victim.
The liquid fire burns you!
* * * LOW HITPOINT WARNING * * *
The hellion is no longer paralysed.
The fire giant is no longer paralysed.
The fire giant is no longer sharing its pain.
The balrug is no longer paralysed.
The tormentor hits you but does no damage.
You block the tormentor's attack.
The stoker mumbles some strange words.
You block the hell hog's attack.
The fire giant gestures at you while chanting.
The bolt of fire hits the tormentor!!
The tormentor resists.
The tormentor dies!
The bolt of fire hits you but does no damage.
The hellephant breathes flames at you.
The blast of flame hits the Brimstone Fiend.
The Brimstone Fiend completely resists.
The blast of flame hits the balrug.
The balrug completely resists.
The blast of flame hits you! You resist.
* * * LOW HITPOINT WARNING * * *
The blast of flame hits the hell hog.
The hell hog completely resists.
The hellion completely misses you.
Your lightning rod (4/4) has regained one charge.
You have reached level 26!
Unknown command.
Hit: a) +10 broad axe of Cozxycsi {flame, rElec Str+5}
Press: ? - help, Dir - move target, f - Brimstone Fiend
Aim: a Brimstone Fiend (sharing its pain, about 14% to evade the +10 broad axe of Cozxycsi)
You slice the Brimstone Fiend!!
You kill the hellion!
The Brimstone Fiend is moderately wounded.
You slice the balrug!! You barely miss the balrug.
You hit the hell hog but do no damage. You slash the Brimstone Fiend!
The liquid fire burns you!
* * * LOW HITPOINT WARNING * * *
You block the hell hog's attack. The balrug gestures at you.
Something smites you!
* * * LOW HITPOINT WARNING * * *
You block the balrug's attack. The balrug gestures at you.
Something smites you!
* * * LOW HITPOINT WARNING * * *
The Brimstone Fiend hits you but does no damage.
You block the Brimstone Fiend's attack. The Brimstone Fiend hits you.
* * * LOW HITPOINT WARNING * * *
The fire giant points at you and mumbles some strange words.
The bolt of fire hits the fire giant.
The fire giant resists.
The bolt of fire hits the Brimstone Fiend.
The Brimstone Fiend completely resists.
The bolt of fire hits you. You resist.
* * * LOW HITPOINT WARNING * * *
The Brimstone Fiend hits you but does no damage. x2
The Brimstone Fiend closely misses you.
The hellephant blinks!
You can now pass through a line of other dancers.
Unknown command.
Unknown command.
Okay, then.
Unknown command.
Okay, then.
Unknown command.
Blink to where?
Press: ? - help, Dir - move target, p - Brimstone Fiend
As you read the scroll of blinking, it crumbles to dust.
The liquid fire burns you!
* * * LOW HITPOINT WARNING * * *
The balrug gestures at you. Something smites you!
* * * LOW HITPOINT WARNING * * *
The Brimstone Fiend gestures at you.
The sphere of damnation explodes!
The damnation engulfs you!!!
You die...
Your body falls in perfect tune with the rhythm.

▓▓▓▓▓▓▓▓▓▓▓▓▓
▓▓...........▓
▓▓.............
▓▓..............
▓▓|!.............
▓▓)?)n............
▓▓∩/|C1Y2h.........
▓?>:/).C.21........
▓▓@?LC*1..2........
▓▓[/:.21..........
▓▓"*..§..........
▓▓Y.............
▓▓.............
▓▓...........▓
▓▓▓▓▓▓▓▓▓▓▓▓▓


You could see 2 hellephants, a searing wretch (pain bonded), 3 Brimstone Fiends,
3 fire giants, a stoker (pain bonded), 3 balrugs, a hell hog (pain bonded) and 2
creeping infernos.

Vanquished Creatures
  Dissolution (Slime:5)
  the Royal Jelly (Slime:5)
  An ancient lich (Zig:13)
  2 dread liches
  2 pandemonium lords
  Sojobo (Crypt:3)
  Boris (Crypt:2)
  A royal mummy (Crypt:3)
  Vv (Crypt:1)
  Josephina (Vaults:2)
  3 Killer Klowns (Zig:12)
  Saint Roka (Depths:4)
  A caustic shrike (Depths:3)
  2 golden dragons
  A profane servitor (Crypt:3)
  Jory (Vaults:4)
  4 Brimstone Fiends
  Jorgrun (Spider:1)
  A hellephant (Zig:14)
  Zenata (Vaults:2)
  An iron giant (Zig:4)
  2 Ice Fiends (Zig:11)
  5 tentacled monstrosities
  3 deep elf master archers
  4 deep elf blademasters
  A quicksilver dragon (Depths:4)
  4 liches
  A walking crystal tome (Depths:4)
  14 ancient champions
  A walking frostbound tome (Zig:11)
  A searing wretch (Zig:16)
  2 titans
  6 sphinxes
  An Executioner (Depths:2)
  The ghost of eternalray the Tortoise, an adept MiFi of Okawaru (Spider:4)
  Frances (D:14)
  2 tentacled starspawn (Zig:14)
  14 acid blobs
  A thorn hunter (Swamp:2)
  Gastronok (D:12)
  2 shadow dragons (Depths:4)
  Roxanne (Spider:3)
  2 storm dragons
  Kirke (D:13)
  8 tengu reavers
  Aizul (Swamp:2)
  16 azure jellies
  A nagaraja (Zig:2)
  A draconian monk (Zig:3)
  4 revenants
  A protean progenitor (Zig:12)
  A fenstrider witch (Swamp:3)
  8 fire giants
  8 emperor scorpions
  13 deep elf sorcerers
  A fire giant (shapeshifter) (Zig:12)
  3 draconian knights
  10 rockslimes
  9 frost giants
  10 vault wardens
  A cacodemon (Depths:2)
  3 draconian scorchers
  6 ghost moths
  8 balrugs
  4 deep elf elementalists
  An orc warlord (Vaults:1)
  3 spectral caustic shrikes (Depths:1)
  2 iron dragons (Depths:3)
  A demonspawn corrupter (Zig:9)
  3 ghouls
  Louise (Swamp:4)
  3 curse skulls
  5 spriggan defenders
  A juggernaut skeleton (Crypt:2)
  16 ironbound preservers
  4 ironbound thunderhulks
  13 quicksilver oozes
  2 formless jellyfish
  4 broodmothers
  An ophan (Zig:9)
  11 very ugly things
  11 stone giants
  A formless jellyfish (shapeshifter) (Zig:12)
  20 deep elf demonologists
  Nessos (D:12)
  7 eleionomae
  8 deep elf death magi
  2 bunyips
  11 vampire knights
  2 war gargoyles
  A purple draconian (Zig:3)
  Azrael (D:14)
  12 deep elf annihilators
  14 dire elephants
  A lorocyproca (Depths:1)
  10 spark wasps
  An iron golem (Zig:4)
  A crystal guardian (Zig:14)
  11 fire dragons
  2 mummy priests (Crypt:3)
  5 blizzard demons
  5 eidola
  7 jiangshi
  8 ettins
  A merfolk javelineer (Depths:4)
  3 deep elf high priests
  17 yaktaur captains
  10 great orbs of eyes
  6 rakshasas
  Harold (D:11)
  31 vault guards
  2 salamander tyrants
  3 entropy weavers
  18 hydras
  8 centaur warriors
  4 ice dragons
  The ghost of Zagger the Spear-Bearer, a journeyman CoFi (D:9)
  A catoblepas (Lair:5)
  An Orb Guardian zombie (Crypt:2)
  2 peacekeepers
  2 ghost crabs (Swamp:1)
  3 ogre magi
  2 radroaches
  An alligator snapping turtle (shapeshifter) (Zig:12)
  9 ironbound frosthearts
  5 spriggan air magi
  A stoker (Zig:16)
  34 dancing weapons
  8 alligators
  A death knight (Crypt:1)
  An anaconda (Zig:6)
  6 deep troll shamans
  3 death yaks (Lair:3)
  A bennu skeleton (Crypt:1)
  A fenstrider witch skeleton (Crypt:1)
  6 boulder beetles
  A death scarab (Spider:4)
  4 demonic crawlers
  3 tengu warriors
  Urug (Lair:1)
  16 two-headed ogres
  2 orc high priests (Depths:4)
  3 occultists
  A hell hog (Zig:16)
  11 spriggan berserkers
  A naga sharpshooter (Zig:2)
  7 soul eaters
  4 vampire magi
  3 shock serpents (Zig:6)
  A storm dragon zombie (Depths:1)
  2 shock serpents (shapeshifter)
  A titan zombie (Crypt:3)
  5 deep troll earth magi
  3 thrashing horrors
  2 shadow wraiths
  3 wretched stars
  2 crystal echidnas (Zig:4)
  A titan skeleton (Vaults:2)
  25 hell knights
  23 deep elf knights
  51 skeletal warriors
  4 iron trolls
  The ghost of Zagger the Shield-Bearer, a novice GnFi (D:6)
  A sixfirhy (Zig:5)
  4 pharaoh ants
  4 goliath frogs
  A spatial maelstrom (Zig:9)
  3 skysharks
  11 orb spiders
  5 large abominations
  4 arcanists
  4 flayed ghosts
  An orb spider (shapeshifter) (Vaults:5)
  4 bog bodies
  A mana viper (shapeshifter) (Depths:4)
  A sun moth (Spider:2)
  50 deep trolls
  21 ironbound convokers
  6 glowing orange brains
  A shadow demon (Zig:14)
  Lodul (D:14)
  9 swamp dragons
  8 spriggan druids
  9 deep elf archers
  A shadow dragon zombie (Crypt:2)
  6 harpies (Vaults:1)
  An orange crystal statue (Depths:1)
  A spriggan simulacrum (Zig:11)
  An iron dragon zombie (Depths:1)
  A wolf spider zombie (D:15)
  18 starcursed masses
  7 orc knights
  24 lindwurms
  19 phantasmal warriors
  A fenstrider witch simulacrum (Crypt:3)
  7 necromancers
  31 ugly things
  An oklob plant (D:11)
  34 deep elf pyromancers
  2 orc sorcerers
  6 cyclopes
  A jorogumo zombie (Crypt:2)
  43 deep elf zephyrmancers
  4 steelbarb worms
  15 wolf spiders
  5 will-o-the-wisps (Swamp:4)
  4 shining eyes
  A fire giant zombie (Vaults:2)
  A shadow dragon skeleton (Vaults:2)
  5 salamanders
  4 tengu skeletons
  2 moths of wrath
  A manticore (shapeshifter) (Elf:1)
  5 eyes of devastation
  5 manticores
  8 elephants
  2 guardian serpents (Zig:6)
  3 meliai (Spider:1)
  6 black mambas
  3 stone giant skeletons
  A stone giant zombie (Vaults:2)
  3 kobold blastminers (Orc:1)
  A naga zombie (Crypt:3)
  5 smoke demons
  5 torpor snails
  4 centaur zombies (D:15)
  Joseph (D:10)
  2 ice statues (IceCv)
  15 vault sentinels
  A titan simulacrum (Crypt:1)
  An eye of devastation (shapeshifter) (Zig:12)
  An unseen horror (shapeshifter) (Elf:3)
  A cane toad (shapeshifter) (D:13)
  2 apocalypse crabs (Zig:12)
  An alligator snapping turtle zombie (Crypt:1)
  An unseen horror zombie (Crypt:3)
  3 gargoyles
  21 cane toads
  A human zombie (Vaults:2)
  3 hellions
  A spriggan zombie (Depths:1)
  6 rime drakes
  A pale draconian zombie (Crypt:3)
  3 kobold demonologists (D:10)
  A freezing wraith (Crypt:2)
  A yaktaur zombie (Vaults:2)
  4 efreet
  8 komodo dragons
  31 yaktaurs
  3 unseen horrors
  3 ancient zymes
  A grey draconian skeleton (Crypt:2)
  A pale draconian skeleton (Crypt:3)
  An ice devil (Zig:11)
  A tengu conjurer (D:14)
  2 guardian mummies (Crypt:3)
  A harpy zombie (D:15)
  A hellwing (Zig:5)
  A merfolk (shapeshifter) (D:15)
  A bloated husk (Swamp:3)
  A polar bear (Lair:5)
  10 trolls
  An elf simulacrum (Vaults:2)
  A wind drake (shapeshifter) (D:12)
  2 polar bears (shapeshifter)
  3 raiju
  16 hornets
  9 tarantellas
  7 tyrant leeches
  2 harpy skeletons (Crypt:3)
  A tyrant leech (shapeshifter) (Zig:12)
  2 ettin zombies (Depths:1)
  37 blink frogs
  4 glass eyes
  18 dream sheep
  33 jumping spiders
  23 spriggans
  4 air elementals
  2 satyr skeletons
  102 slime creatures
  2 vampires
  An ettin skeleton (Crypt:3)
  4 water elementals
  4 ynoxinuls
  23 culicivoras
  7 fire elementals
  6 wyverns
  5 ushabtiu (Crypt:3)
  48 yaks
  3 hogs (D:13)
  A human (shapeshifter) (D:13)
  An orc simulacrum (Crypt:1)
  A steam dragon (D:8)
  7 humans
  A dire elephant simulacrum (Crypt:1)
  9 wraiths
  3 neqoxecs
  7 basilisks
  9 golden eyes
  A yaktaur simulacrum (Vaults:2)
  A warg (D:12)
  56 redbacks
  18 swamp worms
  16 vampire mosquitoes
  A chaos spawn (Zig:12)
  A naga (Zig:2)
  2 harpy simulacra
  A glowing shapeshifter zombie (Crypt:3)
  13 water moccasins
  A cane toad zombie (Crypt:3)
  2 faun skeletons
  4 hell hounds (D:14)
  2 acid dragons
  2 glowing shapeshifter skeletons (Vaults:2)
  A hornet zombie (D:15)
  An ice beast (shapeshifter) (D:13)
  3 sky beasts
  13 swamp drakes
  An ice beast (D:8)
  23 orc warriors
  17 laughing skulls
  An ogre (shapeshifter) (Depths:3)
  A boggart (Vaults:2)
  28 ogres
  An elephant skeleton (Crypt:1)
  5 wolves (Lair:5)
  11 centaurs
  A dream sheep skeleton (Crypt:2)
  A snapping turtle skeleton (Crypt:2)
  13 bullfrogs
  3 phantoms
  5 kobold brigands
  An elf zombie (Crypt:1)
  5 scorpions
  4 human skeletons
  2 earth elementals
  8 wights
  10 killer bees
  2 lindwurm simulacra (IceCv)
  6 electric eels
  A raiju skeleton (Crypt:1)
  5 howler monkeys
  7 komodo dragon simulacra (IceCv)
  A wolf skeleton (Crypt:3)
  A lava snake (Swamp:4)
  5 hounds
  A jelly (D:4)
  4 bombardier beetles
  13 orc priests
  Crazy Yiuf (D:5)
  A gnoll bouda (D:5)
  Jessica (D:2)
  2 iguanas (D:6)
  A scorpion zombie (Crypt:3)
  9 orc wizards
  5 hell rats (Lair:3)
  An ogre skeleton (Crypt:1)
  A boggart simulacrum (D:13)
  10 gnolls
  7 acid dragon simulacra (IceCv)
  10 adders
  16 white imps
  5 ufetubi
  5 steam dragon simulacra (IceCv)
  An adder skeleton (Crypt:3)
  A lava snake skeleton (Crypt:1)
  7 dart slugs
  A ribbon worm (D:2)
  54 orcs
  10 ball pythons
  6 bats
  16 endoplasms
  6 giant cockroaches
  13 goblins
  15 hobgoblins
  2 jackals (D:4)
  3 quokkas
  4 frilled lizards
  A hobgoblin skeleton (Crypt:1)
  43 kobolds
  An orc zombie (Crypt:2)
  7 rats
  3 fire vortices (Zig:5)
  2 starspawn tentacles (Zig:14)
2394 creatures vanquished.

Vanquished Creatures (collateral kills)
  A skeletal warrior (Crypt:3)
  A fire elemental (D:14)
2 creatures vanquished.

Vanquished Creatures (others)
  A Killer Klown (Zig:12)
  A fire giant (Depths:4)
  A protean progenitor (Zig:12)
  A dancing weapon (Elf:1)
  A deep elf knight (Elf:3)
  A spriggan (Swamp:3)
  An ironbound convoker (Vaults:5)
  A smoke demon (Depths:2)
  A tengu conjurer (D:14)
  2 tormentors (Zig:16)
  A freezing wraith (Crypt:1)
  A merfolk (shapeshifter) (Zig:12)
  A tyrant leech (Swamp:1)
  A hornet (Swamp:3)
  A jumping spider (Spider:3)
  A culicivora (Spider:4)
  2 chaos spawn (Zig:12)
  A harpy simulacrum (Crypt:1)
  An orc wizard (Orc:2)
  2 fire vortices (Zig:5)
  16 foxfires (Swamp:4)
  20 spectral weapons
  8 starspawn tentacles (Zig:14)
67 creatures vanquished.

Grand Total: 2463 creatures vanquished

Notes
Turn   | Place    | Note
-------+----------+-------------------------------------------
     0 | D:1      | jagoly the Mummy Brigand began the quest for the Orb.
     0 | D:1      | Reached XP level 1. HP: 16/16 MP: 1/1
    85 | D:1      | Reached XP level 2. HP: 22/22 MP: 2/2
   184 | D:1      | Reached XP level 3. HP: 26/27 MP: 3/3
   636 | D:2      | Reached XP level 4. HP: 33/33 MP: 4/4
   793 | D:2      | Reached skill level 1 in Dodging
   879 | D:2      | Noticed Jessica
   898 | D:2      | Killed Jessica
   899 | D:2      | Reached XP level 5. HP: 27/39 MP: 2/5
   989 | D:2      | Identified the +7 dagger of Distant Shores {holy, ^Drain
                  | Will- Int+2 Dex+7}
  1004 | D:2      | Reached skill level 3 in Fighting
  1394 | D:3      | Identified the ring of Luamiufi {Wiz Str+3 Slay+3}
  1580 | D:3      | Found a sacrificial altar of Ru.
  1580 | D:3      | Found a hazy altar of Hepliaklqana.
  1643 | D:3      | Reached skill level 4 in Fighting
  1740 | D:3      | Found a bloodstained altar of Trog.
  1933 | D:3      | Learned a level 2 spell: Blink
  1936 | D:3      | Learned a level 2 spell: Lesser Beckoning
  2091 | D:4      | Found Baujaneeno's Jewellery Shoppe.
  2115 | D:4      | Found Tejoubri's Antique Weapon Emporium.
  2127 | D:4      | Reached XP level 6. HP: 48/48 MP: 6/6
  2144 | D:4      | Found a radiant altar of Vehumet.
  2467 | D:4      | Found Gieluh Omea's Assorted Antiques.
  2519 | D:4      | Reached skill level 5 in Short Blades
  2663 | D:4      | Found Nepp's Book Boutique.
  2731 | D:5      | Entered Level 5 of the Dungeon
  2740 | D:5      | Reached XP level 7. HP: 54/54 MP: 7/7
  2745 | D:5      | Noticed a yak
  2746 | D:5      | Noticed a yak
  2766 | D:4      | Killed a yak
  3225 | D:5      | Reached XP level 8. HP: 60/60 MP: 8/8
  3820 | D:5      | Found a runed translucent door.
  3821 | D:5      | Noticed Crazy Yiuf
  3875 | D:5      | Found a basalt altar of Yredelemnul.
  3927 | D:5      | Killed Crazy Yiuf
  4077 | D:3      | Reached skill level 5 in Fighting
  4319 | D:6      | Found a staircase to the Ecumenical Temple.
  4327 | Temple   | Entered the Ecumenical Temple
  4373 | Temple   | Became a worshipper of Uskayaw the Reveller
  4389 | D:6      | Reached * piety under Uskayaw
  4432 | D:6      | Reached ** piety under Uskayaw
  4433 | D:6      | Reached XP level 9. HP: 69/69 MP: 9/9
  4522 | D:6      | Reached *** piety under Uskayaw
  4523 | D:6      | Reached skill level 6 in Fighting
  4523 | D:6      | Reached skill level 1 in Translocations
  4587 | D:6      | Found a runed translucent door.
  4588 | D:6      | Noticed Zagger's ghost (novice GnFi)
  4703 | D:6      | Identified the +3 long sword of Odiwy {flame, rPois}
  5059 | D:7      | Reached **** piety under Uskayaw
  5185 | D:7      | Reached ***** piety under Uskayaw
  5237 | D:7      | Found a shadowy altar of Dithmenos.
  6499 | D:8      | Noticed a two-headed ogre
  6499 | D:8      | Identified the amulet of Merojel {RegenMP rElec rF- rN+++
                  | rCorr Int-5}
  6620 | D:8      | Found a shimmering altar of Xom.
  6622 | D:8      | Killed a two-headed ogre
  6623 | D:8      | Reached skill level 10 in Short Blades
  6749 | D:8      | Reached XP level 10. HP: 51/77 MP: 6/10
  6795 | D:8      | Found a flagged portal.
  6830 | Bailey   | Entered a bailey
  6851 | Bailey   | Noticed an orc warlord
  6856 | Bailey   | Reached skill level 7 in Fighting
  7141 | Bailey   | Found a runed translucent gate.
  7143 | Bailey   | Found a runed translucent gate.
  7145 | Bailey   | Found a runed translucent gate.
  7512 | D:8      | Found an ornate altar of the Wu Jian Council.
  7545 | D:8      | Reached skill level 8 in Fighting
  8003 | D:4      | Bought a twisted short sword for 248 gold pieces
  8003 | D:4      | Identified the +2 short sword of the Onslaught {flame,
                  | Dex+2} (You bought it in a shop on level 4 of the Dungeon)
  8007 | D:4      | Bought a scroll labelled ZANURH XUYNK for 31 gold pieces
  8519 | D:9      | Reached skill level 5 in Dodging
  8757 | D:9      | Found a blossoming altar of Fedhas.
  8826 | D:9      | Found a runed translucent door.
  8826 | D:9      | Found a shimmering altar of Xom.
  8826 | D:9      | Noticed Zagger's ghost (journeyman CoFi)
  8827 | D:9      | Noticed a +1 dire flail of chaos
  9303 | D:10     | Entered Level 10 of the Dungeon
  9366 | D:10     | Noticed a two-headed ogre
  9389 | D:10     | Killed a two-headed ogre
  9551 | D:9      | Reached skill level 9 in Fighting
  9688 | D:10     | Noticed a gargoyle
  9716 | D:10     | Reached XP level 11. HP: 69/89 MP: 8/11
  9881 | D:10     | Reached skill level 10 in Fighting
  9896 | D:10     | Noticed a sixfirhy
 10088 | D:10     | Noticed Joseph
 10092 | D:10     | Reached skill level 5 in Stealth
 10096 | D:10     | Reached skill level 1 in Invocations
 10116 | D:10     | Killed Joseph
 10815 | D:11     | Noticed a two-headed ogre
 10842 | D:11     | Noticed a boulder beetle
 10978 | D:11     | Noticed a two-headed ogre
 10985 | D:11     | Reached skill level 5 in Invocations
 10991 | D:11     | Killed a two-headed ogre
 11112 | D:11     | Noticed a boulder beetle
 11210 | D:11     | Killed a boulder beetle
 11271 | D:11     | Noticed Harold
 11291 | D:11     | Killed a boulder beetle
 11408 | D:11     | Found a blossoming altar of Fedhas.
 11435 | D:11     | Noticed an oklob plant
 11816 | D:12     | Noticed Nessos
 12156 | D:12     | Reached XP level 12. HP: 71/97 MP: 12/18
 12390 | D:11     | You fall into a shaft and drop 2 floors!
 12508 | D:13     | Noticed a six-headed hydra
 12561 | D:13     | Found a gate to the Vaults.
 12682 | D:13     | Noticed a centaur warrior
 12803 | D:13     | Noticed a boulder beetle
 12818 | D:13     | Killed a boulder beetle
 12862 | D:13     | Noticed a centaur warrior
 12873 | D:13     | Killed a centaur warrior
 13222 | D:6      | Killed Zagger's ghost
 13427 | D:8      | Found a staircase to the Lair.
 13443 | D:8      | Reached skill level 5 in Translocations
 13548 | Lair:1   | Entered Level 1 of the Lair of Beasts
 13548 | Lair:1   | Noticed Urug
 13562 | Lair:1   | Killed Urug
 14093 | Lair:1   | Found a broken altar of Ashenzari.
 14984 | Lair:2   | Reached skill level 11 in Fighting
 15093 | Lair:2   | Reached ****** piety under Uskayaw
 16240 | Lair:3   | Gained mutation: You are strongly in touch with the powers
                  | of death. [Mummy growth]
 16240 | Lair:3   | Reached XP level 13. HP: 41/107 MP: 19/19
 16504 | Lair:3   | Reached skill level 12 in Fighting
 16563 | Lair:3   | Found a hole to the Spider Nest.
 16820 | Lair:3   | Identified the +0 pair of gloves of Trial and Error
                  | {Rampage rPois rF+}
 16971 | Lair:3   | Found a staircase to the Swamp.
 17821 | Lair:4   | Reached skill level 1 in Evocations
 17865 | Lair:4   | Found a staircase to the Slime Pits.
 17865 | Lair:4   | Found a viscous altar of Jiyva.
 18591 | Lair:5   | Entered Level 5 of the Lair of Beasts
 18591 | Lair:5   | Found a frozen archway.
 18708 | IceCv    | Entered an ice cave
 18939 | IceCv    | Identified the +8 short sword of War {spect, rElec Int+4}
 19498 | IceCv    | HP: 5/108 [rime drake (4)]
 19717 | IceCv    | Identified the ring "Ipseil" {rC+ rN+ Int+3}
 19729 | IceCv    | Identified the ring "Esotzyfi" {Wiz rF+ Str+4}
 19893 | Lair:5   | Reached skill level 10 in Invocations
 20028 | Lair:5   | Reached XP level 14. HP: 79/115 MP: 17/21
 20311 | Lair:5   | Reached skill level 10 in Dodging
 20733 | Lair:5   | Reached skill level 13 in Fighting
 21060 | Lair:5   | Reached skill level 14 in Fighting
 21901 | D:11     | Killed Harold
 22145 | D:12     | Found a staircase to the Orcish Mines.
 22153 | D:12     | Noticed Gastronok
 22162 | D:12     | Killed Gastronok
 22163 | D:12     | Reached skill level 15 in Fighting
 22278 | D:12     | Killed Nessos
 22896 | D:13     | Reached skill level 5 in Throwing
 22905 | D:13     | Reached XP level 15. HP: 129/129 MP: 22/22
 23047 | D:13     | Identified the +10 broad axe of Cozxycsi {flame, rElec
                  | Str+5}
 23060 | D:13     | Identified the +1 scale mail of the Unseen Realm {rF+
                  | rCorr}
 23271 | Orc:1    | Entered Level 1 of the Orcish Mines
 23364 | Orc:2    | Entered Level 2 of the Orcish Mines
 23423 | Orc:2    | Found Jaulymuv's Antique Armour Emporium.
 23460 | Orc:2    | Reached skill level 1 in Armour
 23833 | Orc:2    | Found a staircase to the Elven Halls.
 23942 | Orc:2    | Found Ethrai's Assorted Antiques.
 23953 | Orc:2    | Found Vepn's Jewellery Shop.
 23958 | Orc:2    | Found Xuemuhir's Jewellery Emporium.
 23977 | Orc:2    | Reached skill level 5 in Armour
 24782 | Orc:2    | Bought a pair of boots for 144 gold pieces
 24904 | D:14     | Noticed Azrael
 24929 | D:14     | Killed Azrael
 24939 | D:14     | Noticed Lodul
 24997 | D:14     | Noticed Kirke
 25062 | D:13     | Killed Kirke
 25309 | D:14     | Noticed Frances
 25329 | D:14     | Killed Frances
 25565 | D:14     | Killed Lodul
 26018 | D:15     | Entered Level 15 of the Dungeon
 26586 | D:15     | Reached XP level 16. HP: 95/136 MP: 23/23
 27019 | D:15     | Reached skill level 10 in Armour
 27024 | D:15     | Reached skill level 1 in Axes
 27111 | D:15     | Found a staircase to the Depths.
 27386 | Elf:1    | Entered Level 1 of the Elven Halls
 27386 | Elf:1    | Found a runed translucent gate.
 27386 | Elf:1    | Found a runed translucent gate.
 27386 | Elf:1    | Found a runed translucent gate.
 27386 | Elf:1    | Found a runed translucent gate.
 27386 | Elf:1    | Found a runed translucent gate.
 27386 | Elf:1    | Found a runed translucent gate.
 27387 | Elf:1    | Found a runed translucent door.
 27407 | Elf:1    | Found a runed translucent door.
 27560 | Elf:1    | Paralysed by an air elemental for 1 turns
 27622 | Elf:1    | Reached skill level 1 in Shields
 27647 | Elf:1    | Identified a scroll of acquirement
 27648 | Elf:1    | Acquired a manual of Fighting
 27658 | Elf:1    | Found a flickering gateway to a bazaar.
 27697 | Bazaar   | Entered a bazaar
 27701 | Bazaar   | Found Eduuq's Weapon Shoppe.
 27705 | Bazaar   | Found Nelotewn's Distillery.
 27708 | Bazaar   | Found Genaeg's Magic Scroll Boutique.
 27720 | Bazaar   | Found Ynuiclac's Book Shoppe.
 27729 | Bazaar   | Found Yqylutu's General Store.
 27737 | Bazaar   | Bought 3 silver javelins for 378 gold pieces
 27755 | Bazaar   | Bought a scroll of noise for 12 gold pieces
 27755 | Bazaar   | Bought a scroll of fear for 48 gold pieces
 27755 | Bazaar   | Bought a scroll of teleportation for 36 gold pieces
 28136 | Elf:1    | Reached skill level 5 in Shields
 28332 | Elf:1    | Paralysed by an air elemental for 1 turns
 28432 | Elf:2    | Found an ancient bone altar of Kikubaaqudgha.
 28564 | Elf:2    | Reached skill level 16 in Fighting
 28591 | Elf:2    | Acquired a manual of Translocations
 28647 | Elf:2    | Found a runed translucent gate.
 28647 | Elf:2    | Found a runed translucent gate.
 28650 | Elf:2    | Found a runed translucent gate.
 28765 | Elf:2    | Reached skill level 17 in Fighting
 29221 | Elf:2    | Reached skill level 18 in Fighting
 29221 | Elf:2    | Reached skill level 5 in Axes
 29238 | Elf:2    | Reached XP level 17. HP: 149/149 MP: 24/24
 30012 | Elf:3    | Entered Level 3 of the Elven Halls
 30283 | Elf:3    | Noticed a deep elf blademaster
 30295 | Elf:3    | Killed a deep elf blademaster
 30367 | Elf:3    | Noticed a deep elf blademaster
 30370 | Elf:3    | Killed a deep elf blademaster
 30386 | Elf:3    | Identified the +7 longbow of the Blessed Realm {heavy, rF+}
 30547 | Elf:3    | Found Nomminut's Self-Improvement Boutique.
 31295 | Elf:3    | Identified the +2 leather armour "Puemeergh" {Will+ rCorr
                  | MP+9 Dex+2}
 31295 | Elf:3    | Identified the ring "Ydig" {Ice +Blink Will+ Str-3}
 31303 | Elf:3    | Reached skill level 10 in Axes
 31395 | Elf:3    | Identified the +1 chain mail of Xom's Favour {rC+ Will+
                  | Dex+3}
 31395 | Elf:3    | Noticed a deep elf master archer
 31618 | Elf:3    | Identified the ring of Malawin {Will- rCorr Str+8 Dex-5
                  | SInv}
 31618 | Elf:3    | Noticed a deep elf master archer
 31649 | Elf:3    | Killed a deep elf master archer
 31817 | Elf:3    | Noticed a Brimstone Fiend
 31896 | Elf:3    | Killed a deep elf master archer
 32188 | Elf:3    | Reached XP level 18. HP: 150/157 MP: 25/25
 32273 | Elf:3    | Identified the +0 ring mail of the Abyss {rC+ rCorr}
 32324 | Elf:3    | Learned a level 1 spell: Apportation
 32638 | D:9      | Killed Zagger's ghost
 32822 | Spider:1 | Entered Level 1 of the Spider Nest
 33542 | Spider:1 | Noticed Jorgrun
 33549 | Spider:1 | Upgraded the game from 0.32-a0-427-g448f425 to
                  | 0.32-a0-432-g7d46fac
 33599 | Spider:1 | Killed Jorgrun
 35850 | Spider:3 | Noticed Roxanne
 35853 | Spider:3 | Identified the +10 short sword "Conservator" {holy, *Noise
                  | rPois Str+8}
 36450 | Spider:3 | Identified the +5 scale mail of Bad Feelings {rF+ Slay+3}
 37028 | Spider:4 | Entered Level 4 of the Spider Nest
 37488 | Spider:4 | Found a runed translucent door.
 37488 | Spider:4 | Noticed eternalray's ghost (adept MiFi)
 38855 | Spider:4 | Reached skill level 15 in Axes
 38895 | Spider:4 | Identified the scarf of the Vaults {+Inv, Harm}
 38902 | Spider:4 | Got a gossamer rune of Zot
 39106 | Swamp:1  | Entered Level 1 of the Swamp
 39128 | Swamp:1  | Reached XP level 19. HP: 105/163 MP: 26/26
 40302 | Swamp:2  | Identified the serpent talisman "Poocelib" {rC++ Str+3
                  | Dex+4}
 40302 | Swamp:2  | Noticed Aizul
 40310 | Swamp:2  | Killed Aizul
 40837 | Swamp:3  | Found an iron altar of Okawaru.
 41353 | Swamp:4  | Entered Level 4 of the Swamp
 41705 | Swamp:4  | Noticed Louise
 41718 | Swamp:4  | Killed Louise
 41907 | Swamp:4  | Got a decaying rune of Zot
 42574 | Vaults:1 | Entered Level 1 of the Vaults
 43124 | Vaults:1 | Found a transporter.
 43124 | Vaults:1 | Found a transporter.
 43124 | Vaults:1 | Noticed dilly's ghost (adept HuAl)
 43322 | Vaults:1 | Reached XP level 20. HP: 143/172 MP: 27/27
 43325 | Vaults:1 | Identified the +1 dagger "Tiban" {flame, rElec}
 43415 | Vaults:1 | Reached skill level 19 in Fighting
 43827 | Vaults:2 | Reached skill level 20 in Fighting
 44039 | Vaults:2 | Found a staircase to the Crypt.
 44351 | Vaults:2 | Noticed Zenata
 44379 | Vaults:2 | Killed Zenata
 44556 | Vaults:2 | You fall into a shaft and drop 2 floors!
 45001 | Vaults:3 | Found Kiyfiash's Armour Shoppe.
 45781 | Vaults:2 | Reached XP level 21. HP: 183/183 MP: 30/30
 45909 | Vaults:2 | Identified the +3 spear "Hiakoduc" {drain, *Slow Will+
                  | Str+3}
 47161 | Vaults:4 | Noticed Jory
 47172 | Vaults:4 | Killed Jory
 48163 | Elf:3    | Bought a manual of Shields for 1360 gold pieces
 48432 | Crypt:1  | Entered Level 1 of the Crypt
 48432 | Crypt:1  | Identified the ring "Nil Teth" {Ice Str+3}
 48432 | Crypt:1  | Noticed Josephina
 48453 | Vaults:2 | Killed Josephina
 48590 | Crypt:1  | Noticed Vv
 48798 | Depths:1 | Entered Level 1 of the Depths
 49011 | Depths:1 | Found a gateway to Hell.
 49044 | Depths:1 | Found Etimekk's Armour Shop.
 49093 | Depths:1 | Found a flickering gateway to a bazaar.
 49106 | Bazaar   | Entered a bazaar
 49120 | Bazaar   | Found Orarchus's Magic Scroll Emporium.
 49135 | Bazaar   | Found Kuanog's Jewellery Emporium.
 49135 | Bazaar   | Found Kohifib's Weapon Shoppe.
 49233 | Bazaar   | Bought the amulet of Zips {Acrobat +Inv rC- Regen+ Dex+3}
                  | for 433 gold pieces
 49257 | Bazaar   | Bought a scroll of fog for 60 gold pieces
 49257 | Bazaar   | Bought a scroll of poison for 60 gold pieces
 49257 | Bazaar   | Bought a scroll of poison for 60 gold pieces
 49444 | Depths:1 | Found an iron altar of Okawaru.
 49464 | Depths:1 | You fall into a shaft and drop 1 floor!
 49482 | Depths:2 | Found a burning altar of Makhleb.
 49494 | Depths:2 | Found Mexan's General Store.
 49498 | Depths:2 | Found Nufom's Assorted Antiques.
 49621 | Depths:2 | Found a one-way gateway to a ziggurat.
 49657 | Depths:2 | Found a one-way gate leading to the halls of Pandemonium.
 50171 | Depths:2 | Bought a scroll labelled SURIAR UMMOTAXT for 37 gold pieces
 50211 | Depths:2 | Reached XP level 22. HP: 188/190 MP: 31/31
 50233 | Depths:2 | Reached skill level 10 in Shields
 50742 | Depths:2 | Identified the amulet of the Harvest {Faith Dex+2}
 50831 | Depths:2 | Found the +5 demon whip "Spellbinder" {antimagic, disrupt,
                  | Will+}
 50837 | Depths:2 | Identified the ring "Kiesulou" {Fly rElec rPois rF+ AC+4}
 51326 | Depths:2 | Identified the +5 demon whip "Cimange" {drain, rElec Will-
                  | Str+5 Dex+3}
 51784 | Depths:3 | Found a stormy altar of Qazlal.
 51842 | Depths:3 | Found Zofouq's Assorted Antiques.
 51922 | Depths:3 | Found a one-way gate to the infinite horrors of the Abyss.
 51944 | Depths:3 | Noticed a caustic shrike
 52021 | Depths:3 | Identified the +0 chain mail of Amorality {rPois Will+
                  | Int+2}
 52034 | Depths:3 | Killed a caustic shrike
 52201 | Depths:3 | Noticed a golden dragon
 52211 | Depths:3 | Killed a golden dragon
 53127 | Depths:4 | Entered Level 4 of the Depths
 53283 | Depths:4 | Identified the ring "Zepor" {rC+ rN+ Str+6}
 53445 | Depths:4 | Reached skill level 15 in Armour
 53464 | Depths:4 | Identified the ring "Irphuid" {rElec rC+ Int+9 Slay-4}
 53478 | Depths:4 | Found a transporter.
 53518 | Depths:4 | Found a shadowy altar of Dithmenos.
 53639 | Depths:4 | Found a transporter.
 53646 | Depths:4 | Reached XP level 23. HP: 196/196 MP: 32/32
 53649 | Depths:4 | Identified the ring of the Bespelled Tomato {Wiz +Blink
                  | rElec}
 53666 | Depths:4 | Found a gate to the Realm of Zot.
 53735 | Depths:4 | Noticed Saint Roka
 53740 | Depths:4 | Killed Saint Roka
 54186 | Depths:4 | Identified the +2 spear "Taumulepp" {flame, rElec rPois
                  | Dex+2 SInv}
 54753 | Spider:4 | Killed eternalray's ghost
 54837 | Spider:3 | Killed Roxanne
 54940 | Spider:3 | Learned a level 4 spell: Iskenderun's Mystic Blast
 55500 | Vaults:5 | Entered Level 5 of the Vaults
 55868 | Crypt:1  | Killed Vv
 56520 | Crypt:2  | Identified the +3 robe of Defiance {rF++}
 56520 | Crypt:2  | Noticed Boris
 56546 | Crypt:2  | Killed Boris
 57126 | Crypt:3  | Entered Level 3 of the Crypt
 57172 | Crypt:3  | Reached XP level 24. HP: 130/204 MP: 32/32
 57476 | Crypt:3  | Noticed Sojobo
 57491 | Crypt:3  | Killed Sojobo
 57540 | Crypt:3  | Found a staircase to the Tomb.
 58075 | Crypt:3  | Found an ancient bone altar of Kikubaaqudgha.
 58075 | Crypt:3  | Found a basalt altar of Yredelemnul.
 58076 | Crypt:3  | Noticed a royal mummy
 58080 | Crypt:3  | Found the +9 staff of Olgreb {rPois∞}
 58247 | Crypt:3  | Killed a royal mummy
 58248 | Crypt:3  | Reached skill level 10 in Translocations
 58560 | Crypt:3  | Found the +3 greatsling "Punk" {acid, rCorr}
 58569 | Crypt:3  | Identified the ring of Grontol {rF- rN+ rCorr Str+3 Int+2}
 58569 | Crypt:3  | Identified the amulet "Biun" {rElec Regen+}
 58569 | Crypt:3  | Identified the ring of Vakumyqi {rElec rC+++ rN+ Dex-3
                  | Slay+5}
 59043 | Elf:3    | Bought a manual of Stealth for 1360 gold pieces
 59043 | Elf:3    | Bought a manual of Fighting for 1360 gold pieces
 59504 | Slime:1  | Entered Level 1 of the Pits of Slime
 59596 | Slime:5  | Entered Level 5 of the Pits of Slime
 59639 | Slime:5  | Noticed Dissolution
 59660 | Slime:5  | Killed Dissolution
 59710 | Slime:5  | Found a viscous altar of Jiyva.
 59951 | Slime:4  | Upgraded the game from 0.32-a0-432-g7d46fac to
                  | 0.32-a0-433-g08bcfe7
 60048 | Slime:5  | Noticed the Royal Jelly
 60064 | Slime:5  | Killed the Royal Jelly
 60082 | Slime:5  | Identified the +6 short sword "Veel" {venom, rCorr}
 60091 | Slime:5  | Identified the ring "Hymazuti" {rF+ Stlth+}
 60097 | Slime:5  | Identified the +5 arbalest of the Hammering Sybil {heavy,
                  | Dex+3}
 60098 | Slime:5  | Got a slimy rune of Zot
 60098 | Slime:5  | Got a starry gem with 49 turns to spare
 60117 | Slime:5  | Got Sif Muna's Precepts of the Burning Fjord
 60133 | Slime:5  | Got the Secrets of Resurrection
 60150 | Slime:5  | Lost the starry gem through the power of Zot.
 60199 | Slime:5  | Identified the +1 plate armour of the Stallion {+Inv rN+++
                  | Will- Int-5}
 60200 | Slime:5  | Identified the +7 whip of Aratupn {freeze, ^Contam rPois
                  | Str+5}
 60201 | Slime:5  | Identified the +5 great sword of Muigesm {vamp, Str+3
                  | Stlth+}
 61082 | Zig:1    | Entered Level 1 of a ziggurat
 61105 | Zig:2    | Entered Level 2 of a ziggurat
 61137 | Zig:2    | Identified the +6 chain mail "Guarch" {Harm}
 61209 | Zig:3    | Entered Level 3 of a ziggurat
 61221 | Zig:3    | Reached skill level 15 in Invocations
 61254 | Zig:4    | Entered Level 4 of a ziggurat
 61291 | Zig:4    | Identified the staff of Xairanil {rC+ rN+ Int-5 Fire Ice}
 61308 | Zig:5    | Entered Level 5 of a ziggurat
 61312 | Zig:5    | Noticed Ofun the pandemonium lord
 61321 | Zig:5    | Reached XP level 25. HP: 178/210 MP: 34/34
 61326 | Zig:5    | Killed Ofun the pandemonium lord
 61423 | Zig:6    | Entered Level 6 of a ziggurat
 61465 | Zig:7    | Entered Level 7 of a ziggurat
 61466 | Zig:7    | Found the +27 heavy crossbow "Sniper" {heavy, Acc+∞ SInv}
 61482 | Zig:8    | Entered Level 8 of a ziggurat
 61625 | Zig:8    | Paralysed by an air elemental for 1 turns
 61641 | Zig:8    | Identified the +0 ring mail of the Shining Light {rPois
                  | rCorr}
 61665 | Zig:9    | Entered Level 9 of a ziggurat
 61720 | Zig:9    | Identified the +7 shortbow of Death {flame, ^Fragile rPois
                  | rN+ Dex-3 Stlth+}
 61730 | Zig:9    | Identified the staff of the Shoals {^Fragile rC+ rN+ Str+3
                  | Int+3 Ice}
 61734 | Zig:9    | Acquired a manual of Shields
 61736 | Zig:9    | Acquired the ring "Abioteil" {rElec rC+ Str+6 Int+2}
 61740 | Zig:9    | Acquired the ring of Koatwuam {rCorr Str+4 Int+3 Dex+2}
 61745 | Zig:10   | Entered Level 10 of a ziggurat
 61764 | Zig:10   | Reached skill level 21 in Fighting
 61794 | Zig:10   | Got Zilaulo's Essays on the Bonfire
 61812 | Zig:11   | Entered Level 11 of a ziggurat
 61897 | Zig:11   | Got the Teachings on the Legion
 61904 | Zig:11   | Identified the +0 robe of Nemuih {Rampage *Corrode Dex+2}
 61905 | Zig:11   | Identified the staff "Meleqeu" {rC+ MP-9 Int+3 Ice}
 61910 | Zig:12   | Entered Level 12 of a ziggurat
 61915 | Zig:12   | Noticed Obaef the pandemonium lord
 61916 | Zig:12   | Noticed a Killer Klown
 61920 | Zig:12   | Noticed a Killer Klown
 61922 | Zig:12   | Reached skill level 22 in Fighting
 61922 | Zig:12   | Noticed a Killer Klown
 61925 | Zig:12   | Killed a Killer Klown
 61928 | Zig:12   | Noticed a Killer Klown
 61932 | Zig:12   | Killed Obaef the pandemonium lord
 61941 | Zig:12   | Found the ring of Shadows {Umbra +Inv Stlth+}
 61946 | Zig:12   | Killed a Killer Klown
 61951 | Zig:12   | Killed a Killer Klown
 61954 | Zig:12   | Reached skill level 15 in Shields
 61963 | Zig:12   | Killed a Killer Klown
 62080 | Zig:12   | Identified the +0 chain mail of Sin {Str+2 Slay+3}
 62081 | Zig:12   | Identified the +1 broad axe of Vuehuo {spect, rElec Int+3}
 62113 | Zig:13   | Entered Level 13 of a ziggurat
 62118 | Zig:13   | Noticed a dread lich
 62119 | Zig:13   | Noticed an ancient lich
 62126 | Zig:13   | Killed a dread lich
 62130 | Zig:13   | Killed an ancient lich
 62164 | Zig:13   | Found the +5 glaive of the Guard {elec, spectral}
 62189 | Zig:13   | Identified the ring of Nesmounoa {Wiz ^Contam Str+5}
 62197 | Zig:13   | Identified the ring "Byfyvag" {rC+ rN+}
 62211 | Zig:14   | Entered Level 14 of a ziggurat
 62223 | Zig:14   | Noticed a dread lich
 62236 | Zig:14   | Paralysed by accursed screaming for 1 turns
 62244 | Zig:14   | Paralysed by accursed screaming for 1 turns
 62245 | Zig:14   | Killed a dread lich
 62434 | Zig:14   | Identified the +6 sling of the Nine Visionaries {freeze,
                  | rElec rC+++ Str-3 Stlth-}
 62435 | Zig:14   | Identified the +0 halberd "Bioluiq" {speed, *Rage Dex+5}
 62452 | Zig:15   | Entered Level 15 of a ziggurat
 62594 | Zig:15   | Identified the +0 chain mail "Ufoefoes" {rN+ Int+3 Stlth+}
 62607 | Zig:15   | Identified the ring of Baoghaum {Wiz rElec rPois MP+9}
 62612 | Zig:16   | Entered Level 16 of a ziggurat
 62624 | Zig:16   | Reached skill level 10 in Throwing
 62630 | Zig:16   | Reached XP level 26. HP: 81/224 MP: 24/35
 62631 | Zig:16   | Killed from afar by a Brimstone Fiend

Illustrated notes

Levels and vault maps discovered:
D:1:      amcnicky_arrival_underground_garden, layout_rooms
D:2:      wad_river_or_something, layout_rooms, uniq_jessica
D:3:      layout_loops_cross, trog_three_pillars_becter,
          mainiacjoe_overflow_surrounded_room, mainiacjoe_overflow_divided_tiny
D:4:      layout_rooms, vehumet_crystals, serial_shops, kennysheep_little_box,
          shop, shop, shop, chequers_serial_rivers_micro_b
D:5:      layout_rooms, nicolae_overflow_hidden_temple,
          kennysheep_generic_room_16, uniq_crazy_yiuf_cottage
D:6:      layout_basic, minmay_temple_entry_tees, ebering_ghost_reflecting_pool
D:7:      layout_basic, nicolae_dithmenos_through_a_glass_darkly,
          minmay_misc_feat_nine_boxes
D:8:      layout_rooms, mainiacjoe_overflow_catwalk_spiral, erik_lair_dragon,
          enter_bailey_4, kennysheep_generic_room_7
D:9:      layout_loops_ring, mainiacjoe_overflow_paths, ebering_ghost_xom
D:10:     layout_irregular_city, uniq_joseph
D:11:     layout_basic, tgw_fedhas, uniq_harold
D:12:     layout_rooms, david_orc_1_choice, uniq_gastronok, uniq_nessos
D:13:     minmay_the_grid_4x2 [minmay_the_grid_pillar_ring,
          minmay_the_grid_outer_circle, minmay_the_grid_garden,
          minmay_the_grid_mess, minmay_the_grid_aliased_spiral,
          minmay_the_grid_slots, minmay_the_grid_expand,
          minmay_the_grid_prize_trominoes], layout_basic
D:14:     layout_gridville, serial_park_tiny_pond, uniq_lodul, uniq_frances,
          uniq_kirke, uniq_azrael
D:15:     gammafunk_enter_depths_forms, layout_cave_pools, serial_undead,
          serial_undead_e, serial_undead_c, serial_undead_a, serial_undead_a
Temple:   ebering_untended_altars
Lair:1:   layout_chaotic_city, lemuel_centaur_altar, serial_bayou_shore_b,
          uniq_urug
Lair:2:   layout_layer_cave, serial_bayou_shore_a
Lair:3:   layout_gridlike, mainiacjoe_swamp_entry_lozenge_pond,
          spider_nest_entry_webs
Lair:4:   layout_concentric_octagons, slime_entry_1,
          nicolae_lair_grove_arrangements, patterned_corridor
Lair:5:   minmay_lair_end_frog_pond, layout_layer_cave,
          portal_ice_cave_entry_imps
Swamp:1:  nicolae_swamp_secret_spriggan_hideout, layout_falls_marsh,
          hangedman_swamp_diagram
Swamp:2:  layout_basic_swamp, nicolae_swamp_very_dense_foliage, uniq_aizul
Swamp:3:  layout_basic_swamp, evilmike_swamp_ruin_house_2, lemuel_altar_in_water
Swamp:4:  swamp_fiery, layout_basic_swamp, uniq_louise
Spider:1: layout_spider_delve, nicolae_spider_scorpion_nest, uniq_jorgrun
Spider:2: layout_chambers, guppyfry_spider_mini_3
Spider:3: layout_spider_delve, uniq_roxanne
Spider:4: grunt_spider_rune_parallel, ebering_ghost_reflecting_pool
Slime:1:  layout_caves
Slime:2:  layout_caves, nicolae_slime_welcoming_committee
Slime:3:  layout_caves, basic_altar
Slime:4:  layout_caves
Slime:5:  slime_pit_nicolae_jellycorners, uniq_dissolution
Orc:1:    layout_caves, nicolae_orc_flooded_monolith,
          regret_index_minedec_devilstone
Orc:2:    st_orc_open, layout_caves
Elf:1:    nicolae_elf_arrival_dilemma, layout_gridlike, serial_shops,
          bzr_entry_water, hangedman_elven_crosses_minicolossus,
          nicolae_elf_crossing_hall
Elf:2:    elven_hall_of_blades_hangedman_original
          [nicolae_blade_entry_floor_patterns], layout_rooms, basic_altar
Elf:3:    grunt_elf_hall_asides, layout_loops_ring, nicolae_shop_self_help,
          grunt_megastairs_5
Vaults:1: gammafunk_ghost_arena, nicolae_vaults_more_shelving_1,
          ontoclasm_vaults_shuriken, nicolae_vaults_sightless_eye,
          nicolae_vaults_octagons, nicolae_vaults_specimen_jars,
          nicolae_vaults_back_hallway, nicolae_vaults_what_the_h, v_misc_11,
          v_alt_pattern_4, nicolae_vaults_closet_pinwheel_1,
          nicolae_vaults_trapezoid_lopsided_1,
          nicolae_vaults_trapezoid_lopsided_2, ontoclasm_vaults_gateway,
          nicolae_vaults_border_crossing, layout_vaults_maze_bifur
Vaults:2: minmay_crypt_entry_skeletal_spiral,
          vaults_standard_mumra_enter_the_diamond, ontoclasm_vaults_echo,
          hangedman_vaults_corner, nicolae_vaults_wrenched,
          hangedman_vaults_impose, vaults_mumra_hex,
          nicolae_vaults_windows_and_doors_thing, vaults_room_fours,
          grunt_vaults_focal, ontoclasm_vaults_idyll,
          nicolae_vaults_little_squares_2, nicolae_vaults_tetromino_L_1,
          layout_vaults_big_cross, uniq_zenata
Vaults:3: hangedman_vaults_stream, grunt_vaults_diagonal, v_misc_29,
          nicolae_vaults_swerve, vaults_dpeg_diagonal,
          nicolae_vaults_diagonal_hallway_7,
          nicolae_vaults_offset_grid_hallway_2, ontoclasm_vaults_claustrophobia,
          vaults_room_semicircle, vaults_dpeg_emergency_exit,
          dpeg_vaults_monster_box, vaults_mumra_minichess_inversion,
          nicolae_vaults_octothorpe, vaults_room_pool, layout_vaults_ring
Vaults:4: nicolae_vaults_closet_pinwheel_6, v_misc_1, hangedman_vaults_locks,
          hangedman_vaults_pinch, v_misc_30, hangedman_vaults_hat,
          nicolae_vaults_house_3, nicolae_vaults_two_Ls, layout_vaults_big_room,
          uniq_jory
Vaults:5: uniq_margery, uniq_xtahua
Crypt:1:  layout_rooms, uniq_josephina, uniq_vv
Crypt:2:  layout_basic, nicolae_crypt_deepening_niches, uniq_boris
Crypt:3:  lightli_unholy_cathedral, layout_chaotic_city,
          tomb_entry_forgotten_bobbens, minivault_25, grunt_megastairs_4,
          uniq_sojobo
Depths:1: layout_small_grid, grunt_pan_entry_zigzag, serial_shops,
          bzr_entry_safe, pf_hell_entry_tar_river, minivault_16,
          okawaru_ov_weapons_minmay, minmay_shop_star
Depths:2: evilmike_makhleb_hellhole, layout_basic, enter_ziggurat_d,
          minmay_splitting_lines, pan_entry, lightli_too_deep,
          minmay_staircase_bubble, minmay_shoptagon
Depths:3: minmay_bad_star, layout_honeycomb, nicolae_qazlal_style_of_elements,
          serial_shops, nicolae_shop_stone, hell_entry,
          nicolae_abyss_entry_one_way_or_another, infiniplex_staircase_9_rooms
Depths:4: hangedman_spin_cycle, hell_entry
Zig:16

Skill      XL: |  1  2  3  4  5  6  7  8  9 10 11 12 13 14 15 16 17 18 19 20 21 22 23 24 25 |
---------------+----------------------------------------------------------------------------+-----
Short Blades   | 2 3 4 5 6 8 10 | 10.0
Dodging        | 1 3 5 8 9 10 13 14 | 14.0
Fighting       | 4 5 6 9 10 11 12 15 18 20 22 | 22.0
Stealth        | 4 5 6 8 |  8.0
Throwing       | 2 5 6 10 | 10.0
Translocations | 2 4 5 6 8 12 | 12.0
Invocations    | 8 10 12 15 16 | 16.2
Evocations     | 2 |  2.0
Armour         | 9 10 12 13 15 17 18 | 18.0
Axes           | 5 11 15 18 | 18.0
Shields        | 5 9 13 14 16 | 16.0

Action                     |  1- 3 |  4- 6 |  7- 9 | 10-12 | 13-15 | 16-18 | 19-21 | 22-24 | 25-27 || total
---------------------------+-------+-------+-------+-------+-------+-------+-------+-------+-------++-------
  Melee: Dagger            |    98 |   195 |   309 |    83 |       |       |       |       |       ||   685
         Short sword       |       |       |       |   600 |  1417 |  1174 |    14 |       |       ||  3205
         Quick blade       |       |       |       |       |       |   241 |    34 |       |       ||   275
         Broad axe         |       |       |       |       |       |   245 |  1182 |  1537 |   200 ||  3164
  Throw: Dart              |     4 |       |    42 |   126 |    51 |     3 |     1 |       |       ||   227
         Stone             |       |    28 |    24 |    42 |    66 |    29 |     6 |       |       ||   195
         Throwing net      |       |       |       |     2 |     3 |     1 |     4 |     1 |       ||    11
         Boomerang         |       |       |       |       |       |       |    15 |     3 |       ||    18
   Cast: Blink             |       |       |       |     1 |     3 |     4 |     4 |     4 |     1 ||    17
         Lesser Beckoning  |       |       |       |       |     1 |       |    14 |     4 |       ||    19
         Apportation       |       |       |       |       |       |     3 |     3 |    33 |       ||    39
 Invoke: Stomp             |       |       |     3 |    12 |    24 |    15 |     2 |       |       ||    56
         Line Pass         |       |       |       |     8 |    15 |     3 |     5 |     2 |     7 ||    40
         Grand Finale      |       |       |       |       |     1 |     1 |     4 |     6 |     6 ||    18
  Evoke: Wand              |       |       |       |     1 |     2 |     2 |     9 |     2 |     4 ||    20
         Phial of floods   |       |       |       |       |     1 |     1 |     1 |       |       ||     3
         Phantom mirror    |       |       |       |       |       |       |     2 |       |     1 ||     3
         Lightning rod     |       |       |       |       |       |       |       |       |     1 ||     1
         Tin of tremorston |       |       |       |       |       |       |       |       |     1 ||     1
    Use: Scroll            |       |       |     5 |     6 |     4 |    20 |     5 |    16 |     9 ||    65
   Stab: Sleeping          |     4 |    12 |     4 |    10 |    12 |    16 |    25 |    20 |       ||   103
         Distracted        |     1 |       |       |     4 |    29 |    32 |     5 |     6 |       ||    77
         Paralysed         |       |       |     6 |    28 |    74 |   133 |   238 |   278 |   114 ||   871
         Held in net/web   |       |       |       |     1 |       |     3 |     4 |     1 |       ||     9
         Confused          |       |       |       |     2 |     9 |     1 |     5 |       |     3 ||    20
 Armour: Robe              |    51 |    66 |   114 |       |       |       |       |       |       ||   231
         Leather armour    |       |       |       |    84 |       |       |       |       |       ||    84
         Troll leather arm |       |       |       |   257 |   314 |       |       |       |       ||   571
         Acid dragon scale |       |       |       |       |     4 |       |       |       |       ||     4
         Scale mail        |       |       |       |       |   169 |   941 |   747 |   303 |       ||  2160
         Gold dragon scale |       |       |       |       |       |       |       |   566 |   253 ||   819
  Dodge: Dodged            |    47 |    79 |   137 |   264 |   549 |   545 |   509 |   502 |   104 ||  2736
  Block: Buckler           |       |       |       |       |       |   301 |   285 |   145 |       ||   731
         Kite shield       |       |       |       |       |       |       |       |   454 |   153 ||   607

Table legend: (Time is in decaauts)
 A = Elapsed time spent in this place.
 B = Non-inter-level travel time spent in this place.
 C = Inter-level travel time spent in this place.
 D = Time resting spent in this place.
 E = Time spent auto-exploring this place.
 F = Levels seen in this place.
 G = Mean time per level.
                   A        B        C        D        E       F      G
               +--------+--------+--------+--------+--------+-----+--------+
         Total |  60265 |  53089 |   7176 |   5617 |  30570 |  71 |  848.8 |
       Dungeon |  18136 |  14998 |   3138 |   1795 |   7762 |  15 | 1209.1 |
        Temple |     58 |     34 |     24 |      0 |      0 |   1 |   58.0 |
          Lair |   7335 |   6468 |    867 |    660 |   4101 |   5 | 1467.0 |
         Swamp |   3081 |   2835 |    246 |     53 |   2097 |   4 |  770.2 |
   Spider Nest |   6433 |   5851 |    582 |    571 |   3878 |   4 | 1608.2 |
    Slime Pits |   1125 |   1028 |     97 |    154 |      0 |   5 |  225.0 |
  Orcish Mines |   1737 |   1313 |    424 |     58 |    884 |   2 |  868.5 |
   Elven Halls |   4888 |   4558 |    330 |    960 |   2018 |   3 | 1629.3 |
        Vaults |   6166 |   5232 |    934 |    343 |   3653 |   5 | 1233.2 |
         Crypt |   2850 |   2671 |    179 |    112 |   1672 |   3 |  950.0 |
        Depths |   5241 |   4889 |    352 |    361 |   3379 |   4 | 1310.2 |
      Ziggurat |   1481 |   1481 |      0 |    331 |    624 |  16 |   92.6 |
        Bazaar |    275 |    275 |      0 |      0 |    118 |   2 |  137.5 |
        Bailey |    478 |    478 |      0 |     47 |    228 |   1 |  478.0 |
      Ice Cave |    974 |    974 |      0 |    167 |    154 |   1 |  974.0 |
               +--------+--------+--------+--------+--------+-----+--------+

Top non-repeatable levels by time:
Vaults:2: 2201 daAuts
Spider:4: 2025 daAuts
   Elf:3: 1974 daAuts
     D:8: 1927 daAuts
    D:13: 1900 daAuts
  Lair:3: 1675 daAuts
Depths:3: 1674 daAuts
   Elf:2: 1670 daAuts
Spider:1: 1665 daAuts
  Lair:5: 1597 daAuts
Depths:2: 1555 daAuts
Vaults:4: 1533 daAuts
    D:11: 1517 daAuts
  Lair:2: 1500 daAuts
     D:7: 1487 daAuts
